 Dungeon Crawl Stone Soup version 0.21-a0-421-gfc1ce30 (webtiles) character file.

119 KristoblXynda the Chopper (level 4, 0/36 HPs)
             Began as a Draconian Skald on Nov 4, 2017.
             Succumbed to an adder's poison
             ... on level 2 of the Dungeon.
             The game lasted 00:02:27 (2103 turns).

KristoblXynda the Chopper (Draconian Skald)         Turns: 2103, Time: 00:02:28

Health: 0/36       AC:  5    Str: 11 (14) XL:     4   Next: 74%
Magic:  4/7        EV: 12    Int: 11 (14) God:
Gold:   92         SH:  0    Dex:  9 (10) Spells: 3/7 levels left

rFire    . . .     SeeInvis .   a - +0 hand axe
rCold    . . .     Gourm    .   (no shield)
rNeg     . . .     Faith    .   (armour unavailable)
rPois    .         Spirit   .   (helmet restricted)
rElec    .         Reflect  .   (no cloak)
rCorr    .         Harm     .   (no gloves)
MR       .....                  (no boots)
Stlth    +.........             (no amulet)
HPRegen  1.12/turn              (no ring)
MPRegen  0.10/turn              (no ring)

@: lethally poisoned (0 -> -1), regenerating (expiring)
A: unfitting armour, cold-blooded, AC +5
a: no special abilities


You were on level 2 of the Dungeon.
You were not hungry.

You visited 1 branch of the dungeon, and saw 2 of its levels.

You collected 92 gold pieces.

Inventory:

Hand Weapons
 a - a +0 hand axe (weapon)
 g - a +0 war axe
Missiles
 k - a throwing net (quivered)
Scrolls
 d - a scroll of identify {unknown}
 e - a scroll of amnesia {unknown}
 f - a scroll of random uselessness {unknown}
 h - a scroll of enchant armour {unknown}
 i - 2 scrolls of remove curse {unknown}
Potions
 j - a potion of degeneration
Books
 b - a book of Battle

   Spells                             Type                      Level
   a - Infusion                       Charms                       1
   b - Shroud of Golubria             Charms/Translocation         2
   c - Song of Slaying                Charms                       2
   d - Spectral Weapon                Hexes/Charms                 3
   e - Regeneration                   Charms/Necromancy            3
Comestibles
 c - 2 bread rations


   Skills:
 - Level 2.1 Fighting
 * Level 3.8 Axes
 + Level 3.0 Dodging
 - Level 2.0 Spellcasting
 + Level 3.3 Charms


You had 3 spell levels left.
You knew the following spells:

 Your Spells              Type           Power        Failure   Level  Hunger
a - Infusion              Chrm           #...         8%          1    ##.....
b - Regeneration          Chrm/Necr      #.........   41%         3    ####...


Dungeon Overview and Level Annotations

Branches:
Dungeon (2/15)

Altars:
Xom


Innate Abilities, Weirdness & Mutations

Your plain brown scales are hard. (AC +5)
You cannot fit into any form of body armour.
You are cold-blooded and may be slowed by cold attacks.


Message History

It was a potion of degeneration.
There was something very wrong with that liquid.
You feel weakened.
You feel dopey.
You feel clumsy.
* * * LOW HITPOINT WARNING * * *
You feel sick. The bat misses you. The adder bites you.
* * * LOW HITPOINT WARNING * * *
You are more poisoned.
The adder poisons you! The kobold hits you with a whip.
* * * LOW HITPOINT WARNING * * *
A giant cockroach comes into view.
Casting: Regeneration
Confirm with . or Enter, or press ? or * to list all spells.
Your skin crawls.
You feel sick. The bat barely misses you. The adder bites you.
* * * LOW HITPOINT WARNING * * *
The kobold hits you with a whip.
* * * LOW HITPOINT WARNING * * *
The adder misses you.
Your skin is crawling a little less now.
You die...

############
#...........
#.......s. #........
#......#
#..rKS.########
#.............#.
#..@b........... ...
#...(...............
#...................
#...................
#.........##........
#.........##........
#.........##........
#..........+........
########...#...# ###


You could see an adder, a giant cockroach, a bat, a kobold and a rat.

Vanquished Creatures
  A hound (D:2)
  3 adders (D:2)
  3 gnolls (D:2)
  A worm (D:2)
  A dart slug (D:2)
  3 goblins
  2 hobgoblins
  3 jackals (D:2)
  2 kobolds
  A quokka (D:2)
  2 ball pythons
  7 bats
  A frilled lizard (D:2)
  2 rats
32 creatures vanquished.

Notes
Turn   | Place    | Note
-------+----------+-------------------------------------------
     0 | D:1      | KristoblXynda the Draconian Skald began the quest for the Orb.
     0 | D:1      | Reached XP level 1. HP: 17/17 MP: 3/3
   426 | D:1      | Reached XP level 2. HP: 17/24 MP: 5/5
   716 | D:2      | HP: 1/24 [quokka (1)]
   973 | D:2      | Reached XP level 3. HP: 7/29 MP: 6/6
  1219 | D:2      | Learned a level 3 spell: Regeneration
  1375 | D:2      | Reached XP level 4. HP: 22/36 MP: 7/7
  2051 | D:2      | Found a shimmering altar of Xom.
  2102 | D:2      | HP: 1/36 [kobold/whip (2)]
  2103 | D:2      | Succumbed to an adder's poison

Vault maps used:
D:1:      tarquinn_simple_flora_water_f, hangedman_feature_mirror,
          wad_floor_pattern_untrapped
D:2:      lemuel_doored_altar, minmay_pentomino_o2

Skill      XL: |  1  2  3  4 |
---------------+-------------+-----
Axes           | 3 |  3.8
Charms         | 3 |  3.3
Dodging        | 3 |  3.0
Fighting       | |  2.1
Spellcasting   | |  2.0

Action                   |  1- 3 |  4- 6 || total
-------------------------+-------+-------++-------
Melee: Hand axe          |    90 |    38 ||   128
       Tailslap          |     5 |     4 ||     9
 Cast: Regeneration      |       |     2 ||     2
  Use: Potion            |     2 |     1 ||     3
  Eat: Meat ration       |     1 |       ||     1
Armor: Skin              |    39 |     6 ||    45
Dodge: Dodged            |    99 |    40 ||   139

Table legend:
 A = Spawn XP
 B = Non-spawn XP
 C = Spawn XP percentage of total XP
 D = Spawn monster count
 E = Non-spawn monster count
 F = Spawn count percentage of total count
 G = Total turns spent on level
                    A         B        C        D         E        F      G
               +---------+---------+-------+---------+---------+-------+---------
         Total |       0 |     171 |   0.0 |       0 |      32 |   0.0 |  2103
               +---------+---------+-------+---------+---------+-------+---------
           D:1 |       0 |      13 |   0.0 |       0 |       9 |   0.0 |   700
           D:2 |       0 |     158 |   0.0 |       0 |      23 |   0.0 |  1403
               +---------+---------+-------+---------+---------+-------+---------
